BSA
PLYMOUTH ROCKS @ NEVADA NOISE
09/09/2028
 
TOP OF THE 1ST
Plymouth Rocks batting - Pitching for Nevada Noise : RHP Arthur López
Pitching: RHP Arthur López
Batting: LHB Bob Smith 0-0: Ball
1-0: Ball
2-0: Foul Ball, location: 2F
2-1: Fly out, F7 (Flyball, 7)
Batting: LHB Roberto García 0-0: Ball
1-0: Foul Ball, location: 2F
1-1: Ball
2-1: Called Strike
2-2: Foul Ball, location: 2F
2-2: Ball
3-2: Ground out 6-3 (Groundball, 56D)
Batting: LHB Roy Patrick 0-0: Ball
1-0: Ball
2-0: Called Strike
2-1: Foul Ball, location: 2F
2-2: Ball
3-2: Foul Ball, location: 2F
3-2: Base on Balls
Batting: RHB Andrés Lara 0-0: Ball
1-0: Called Strike
1-1: Fly out, F8 (Flyball, 8LM)
Top of the 1st over - 0 run(s), 0 hit(s), 0 error(s), 1 left on base; Plymouth 0 - Nevada 0
BOTTOM OF THE 1ST
Nevada Noise batting - Pitching for Plymouth Rocks : LHP Dave Smeddon
Pitching: LHP Dave Smeddon
Batting: RHB Max Jones 0-0: Ball
1-0: Swinging Strike
1-1: SINGLE (Line Drive, 6)
Batting: LHB Stanley Mullins 0-0: Ball
1-0: Called Strike
1-1: Foul Ball, location: 2F
1-2: Grounds into double play, 6-4-3 (Groundball, 6)
Batting: SHB Julián Madrid 0-0: Ball
1-0: Ball
2-0: SINGLE (Groundball, 56D)
Batting: LHB Willie Wallace 0-0: Called Strike
0-1: Fly out, F7 (Flyball, 7LMF)
Bottom of the 1st over - 0 run(s), 2 hit(s), 0 error(s), 1 left on base; Plymouth 0 - Nevada 0
TOP OF THE 2ND
Plymouth Rocks batting - Pitching for Nevada Noise : RHP Arthur López
Batting: LHB Barrett Waters 0-0: Ball
1-0: Swinging Strike
1-1: Foul Ball, location: 2F
1-2: Ball
2-2: Foul Ball, location: 2F
2-2: Ball
3-2: Foul Ball, location: 2F
3-2: Base on Balls
Batting: LHB Roger Moore 0-0: Called Strike
0-1: Ball
1-1: Swinging Strike
1-2: Foul Ball, location: 2F
1-2: Foul Ball, location: 2F
1-2: Foul Ball, location: 2F
1-2: Strikes out swinging
Pitching: RHP Isaac Pope
Batting: RHB António Gonzáles 0-0: Ball
1-0: Swinging Strike
1-1: Ball
2-1: Swinging Strike
2-2: Foul Ball, location: 2F
2-2: Foul Ball, location: 2F
2-2: Ball
3-2: Base on Balls
Barrett Waters to second
Batting: RHB Taylor McFarland 0-0: Ball
1-0: Swinging Strike
1-1: Foul Ball, location: 2F
1-2: Fielders Choice at 2nd, 6-4 (Groundball, 6)
Barrett Waters to third
Batting: RHB Rafael Carreón 0-0: DOUBLE (Line Drive, 8RD)
Barrett Waters scores
Taylor McFarland to third
Runner from 3rd tries for Home, SAFE, no throw
Batting: LHB Bob Smith 0-0: Ball
1-0: Called Strike
1-1: Ball
2-1: Called Strike
2-2: Hit by Pitch
Batting: LHB Roberto García 0-0: Called Strike
0-1: Ball
1-1: Ball
2-1: Foul Ball, location: 2F
2-2: Ball
3-2: Foul Ball, location: 2F
3-2: Foul Ball, location: 2F
3-2: DOUBLE (Flyball, 7LM)
Rafael Carreón scores
Bob Smith to third
Bob Smith scores
Pitching: LHP Miguel Galván
Batting: LHB Roy Patrick 0-0: Ball
1-0: DOUBLE (Line Drive, 9LM)
Roberto García scores
Batting: RHB Andrés Lara 0-0: Called Strike
0-1: Swinging Strike
0-2: Ball
1-2: Strikes out swinging
Top of the 2nd over - 5 run(s), 3 hit(s), 0 error(s), 1 left on base; Plymouth 5 - Nevada 0
BOTTOM OF THE 2ND
Nevada Noise batting - Pitching for Plymouth Rocks : LHP Dave Smeddon
Batting: RHB Rich Ruffin 0-0: Foul Ball, location: 2F
0-1: Swinging Strike
0-2: Foul Ball, location: 2F
0-2: Ball
1-2: Ball
2-2: Strikes out swinging
Batting: LHB Milton Watson 0-0: Called Strike
0-1: Foul Ball, location: 2F
0-2: Ball
1-2: Ball
2-2: Ball
3-2: Base on Balls
Batting: RHB Pepe González 0-0: Ball
1-0: Ball
2-0: Ball
3-0: Base on Balls
Milton Watson to second
Batting: RHB Fernando Martínez 0-0: Called Strike
0-1: Ball
1-1: DOUBLE (Line Drive, 8LXD)
Milton Watson scores
Pepe González to third
Batting: RHB Vern Carlton 0-0: Called Strike
0-1: Foul Ball, location: 2F
0-2: Ball
Passed Ball!
Pepe González scores
Fernando Martínez to third
1-2: Ground out U3 (Groundball, 34)
Fernando Martínez scores
Batting: RHB Max Jones 0-0: Ball
1-0: Ball
2-0: SINGLE (Flyball, 78S)
Batting: LHB Stanley Mullins 0-0: Called Strike
Max Jones steals 2nd base
0-1: Ball
1-1: DOUBLE (Groundball, 3L)
Max Jones scores
Batting: SHB Julián Madrid 0-0: Ball
1-0: Swinging Strike
1-1: Foul Ball, location: 2F
1-2: Foul Ball, location: 2F
1-2: Ball
2-2: Foul Ball, location: 2F
2-2: Ball
3-2: Ground out 5-3 (Groundball, 5L)
Bottom of the 2nd over - 4 run(s), 3 hit(s), 0 error(s), 1 left on base; Plymouth 5 - Nevada 4
TOP OF THE 3RD
Plymouth Rocks batting - Pitching for Nevada Noise : LHP Miguel Galván
Batting: LHB Barrett Waters 0-0: Ball
1-0: Ball
2-0: Ball
3-0: SINGLE (Flyball, 8LS)
Batting: LHB Roger Moore 0-0: Ball
1-0: Fly out, F4 (Popup, 34D)
Batting: RHB António Gonzáles 0-0: Called Strike
Barrett Waters is caught stealing 2nd base
0-1: Foul Ball, location: 2F
0-2: Ball
1-2: Ball
2-2: Strikes out swinging
Top of the 3rd over - 0 run(s), 1 hit(s), 0 error(s), 0 left on base; Plymouth 5 - Nevada 4
BOTTOM OF THE 3RD
Nevada Noise batting - Pitching for Plymouth Rocks : LHP Dave Smeddon
Batting: LHB Willie Wallace 0-0: Ball
1-0: Ball
2-0: Called Strike
2-1: Called Strike
2-2: Foul Ball, location: 2F
2-2: Foul Ball, location: 2F
2-2: Ball
3-2: Strikes out swinging
Batting: RHB Rich Ruffin 0-0: Swinging Strike
0-1: Ball
1-1: Ball
2-1: Foul Ball, location: 2F
2-2: Fly out, F4 (Line Drive, 4)
Batting: LHB Milton Watson 0-0: Ball
1-0: Fly out, F7 (Line Drive, 78M)
Bottom of the 3rd over - 0 run(s), 0 hit(s), 0 error(s), 0 left on base; Plymouth 5 - Nevada 4
TOP OF THE 4TH
Plymouth Rocks batting - Pitching for Nevada Noise : LHP Miguel Galván
Batting: RHB Taylor McFarland 0-0: Fly out, F8 (Flyball, 8RXD)
Batting: RHB Rafael Carreón 0-0: Called Strike
0-1: Ball
1-1: Ball
2-1: Ball
3-1: Foul Ball, location: 2F
3-2: Base on Balls
Batting: LHB Bob Smith 0-0: Ball
1-0: Ball
2-0: Called Strike
2-1: Ball
3-1: Base on Balls
Rafael Carreón to second
Batting: LHB Roberto García 0-0: Ball
1-0: 3-RUN HOME RUN (Flyball, 78XD), Distance : 395 ft
Batting: LHB Roy Patrick 0-0: Foul Ball, location: 2F
0-1: Called Strike
0-2: Fly out, F8 (Flyball, 8LM)
Batting: RHB Andrés Lara 0-0: Called Strike
0-1: Fly out, F7 (Flyball, 78XD)
Top of the 4th over - 3 run(s), 1 hit(s), 0 error(s), 0 left on base; Plymouth 8 - Nevada 4
BOTTOM OF THE 4TH
Nevada Noise batting - Pitching for Plymouth Rocks : LHP Dave Smeddon
Batting: RHB Pepe González 0-0: Ball
1-0: Fly out, F7 (Flyball, 78XD)
Batting: RHB Fernando Martínez 0-0: Called Strike
0-1: Ball
1-1: Ball
2-1: Ball
3-1: Ground out 6-3 (Groundball, 6M)
Batting: RHB Vern Carlton 0-0: Called Strike
0-1: Ball
1-1: Fly out, F9 (Line Drive, 89M)
Bottom of the 4th over - 0 run(s), 0 hit(s), 0 error(s), 0 left on base; Plymouth 8 - Nevada 4
TOP OF THE 5TH
Plymouth Rocks batting - Pitching for Nevada Noise : LHP Miguel Galván
Batting: LHB Barrett Waters 0-0: Called Strike
0-1: Ball
1-1: Ball
2-1: Fly out, F8 (Flyball, 89S)
Batting: LHB Roger Moore 0-0: SINGLE (Groundball, 34S) (infield hit)
Batting: RHB António Gonzáles 0-0: Foul Ball, location: 2F
0-1: Called Strike
0-2: Foul Ball, location: 2F
0-2: Grounds into double play, 6-4-3 (Groundball, 6D)
Top of the 5th over - 0 run(s), 1 hit(s), 0 error(s), 0 left on base; Plymouth 8 - Nevada 4
BOTTOM OF THE 5TH
Nevada Noise batting - Pitching for Plymouth Rocks : LHP Dave Smeddon
Batting: RHB Max Jones 0-0: Called Strike
0-1: Ball
1-1: Ball
2-1: Foul Ball, location: 2F
2-2: Strikes out swinging
Batting: LHB Stanley Mullins 0-0: Ball
1-0: Ball
2-0: Swinging Strike
2-1: SINGLE (Line Drive, 9LS)
Batting: SHB Julián Madrid 0-0: Ball
1-0: Swinging Strike
1-1: Swinging Strike
1-2: Ball
2-2: Ball
3-2: Strikes out swinging
Batting: LHB Willie Wallace 0-0: Swinging Strike
0-1: Fielders Choice at 2nd, 4-6 (Groundball, 34)
Bottom of the 5th over - 0 run(s), 1 hit(s), 0 error(s), 0 left on base; Plymouth 8 - Nevada 4
TOP OF THE 6TH
Plymouth Rocks batting - Pitching for Nevada Noise : LHP Miguel Galván
Pitching: RHP Mike Pierce
Batting: RHB Taylor McFarland 0-0: Foul Ball, location: 2F
0-1: Ball
1-1: Ball
2-1: Ground out 6-3 (Groundball, 6MS)
Batting: RHB Rafael Carreón 0-0: Ball
1-0: Called Strike
1-1: Called Strike
1-2: Fly out, F8 (Flyball, 8LM)
Batting: LHB Bob Smith 0-0: Called Strike
0-1: Fly out, F3 (Line Drive, 34)
Top of the 6th over - 0 run(s), 0 hit(s), 0 error(s), 0 left on base; Plymouth 8 - Nevada 4
BOTTOM OF THE 6TH
Nevada Noise batting - Pitching for Plymouth Rocks : LHP Dave Smeddon
Batting: RHB Rich Ruffin 0-0: Ball
1-0: Called Strike
1-1: Foul Ball, location: 2F
1-2: SINGLE (Line Drive, 56D)
Batting: LHB Milton Watson 0-0: Foul Ball, location: 2F
0-1: Ball
1-1: Foul Ball, location: 2F
1-2: Ball
2-2: Ball
3-2: SINGLE (Groundball, 3D)
Rich Ruffin to second
Runner from 2nd tries for 3rd, SAFE, throw made to third
Batting: RHB Pepe González 0-0: Ball
1-0: Fly out, F9 (Flyball, 9)
Runner from 3rd tags up, SCORES, throw made
Batting: RHB Fernando Martínez 0-0: Ball
1-0: Called Strike
1-1: Fly out, F8 (Flyball, 8RXD)
Batting: RHB Vern Carlton 0-0: Called Strike
0-1: Ball
1-1: Ball
2-1: Foul Ball, location: 2F
2-2: Foul Ball, location: 2F
2-2: Ball
3-2: Foul Ball, location: 2F
3-2: Strikes out swinging
Bottom of the 6th over - 1 run(s), 2 hit(s), 0 error(s), 1 left on base; Plymouth 8 - Nevada 5
TOP OF THE 7TH
Plymouth Rocks batting - Pitching for Nevada Noise : RHP Mike Pierce
Batting: LHB Roberto García 0-0: Ball
1-0: Called Strike
1-1: Ball
2-1: Ball
3-1: Foul Ball, location: 2F
3-2: SINGLE (Line Drive, 34D)
Batting: LHB Roy Patrick 0-0: Called Strike
0-1: Ball
1-1: Ball
2-1: Ball
3-1: Base on Balls
Roberto García to second
Batting: RHB Andrés Lara 0-0: Foul Ball, location: 2F
0-1: Swinging Strike
0-2: Ball
1-2: SINGLE (Line Drive, 6MD)
Roberto García to third
Roy Patrick to second
Batting: LHB Barrett Waters 0-0: Called Strike
0-1: Ball
1-1: Foul Ball, location: 2F
1-2: Strikes out swinging
Batting: LHB Roger Moore 0-0: Called Strike
0-1: Called Strike
0-2: Strikes out swinging
Batting: RHB António Gonzáles 0-0: Ball
1-0: Ball
2-0: Ball
3-0: Called Strike
3-1: Foul Ball, location: 2F
3-2: Foul Ball, location: 2F
3-2: Base on Balls
Roberto García scores
Roy Patrick to third
Andrés Lara to second
Batting: RHB Taylor McFarland 0-0: Ball
1-0: Ball
2-0: Called Strike
2-1: DOUBLE (Line Drive, 78M)
Roy Patrick scores
Andrés Lara scores
António Gonzáles to third
Batting: RHB Rafael Carreón 0-0: Ball
1-0: Ball
2-0: Ball
3-0: Base on Balls
Batting: LHB Bob Smith 0-0: Fly out, F8 (Flyball, 8LM)
Top of the 7th over - 3 run(s), 3 hit(s), 0 error(s), 3 left on base; Plymouth 11 - Nevada 5
BOTTOM OF THE 7TH
Nevada Noise batting - Pitching for Plymouth Rocks : LHP Dave Smeddon
Batting: RHB Max Jones 0-0: Ground out 6-3 (Groundball, 6)
Batting: LHB Stanley Mullins 0-0: SINGLE (Line Drive, 6D)
Batting: SHB Julián Madrid 0-0: Called Strike
0-1: Ball
1-1: Grounds into double play, 6-4-3 (Groundball, 56)
Bottom of the 7th over - 0 run(s), 1 hit(s), 0 error(s), 0 left on base; Plymouth 11 - Nevada 5
TOP OF THE 8TH
Plymouth Rocks batting - Pitching for Nevada Noise : RHP Mike Pierce
Pitching: RHP Ray McIntyre
Batting: LHB Roberto García 0-0: Ball
1-0: Ball
2-0: Called Strike
2-1: Ground out 6-3 (Groundball, 6)
Batting: LHB Roy Patrick 0-0: Called Strike
0-1: Swinging Strike
0-2: Ball
1-2: Strikes out swinging
Batting: RHB Andrés Lara 0-0: Ball
1-0: Swinging Strike
1-1: Ground out 5-3 (Groundball, 56S)
Top of the 8th over - 0 run(s), 0 hit(s), 0 error(s), 0 left on base; Plymouth 11 - Nevada 5
BOTTOM OF THE 8TH
Nevada Noise batting - Pitching for Plymouth Rocks : LHP Dave Smeddon
Batting: LHB Willie Wallace 0-0: Called Strike
0-1: Called Strike
0-2: Reached via error on a dropped throw, E3
Pitching: RHP Scot MacIntosh
Batting: RHB Rich Ruffin 0-0: Ball
1-0: Ball
2-0: Called Strike
2-1: Foul Ball, location: 2F
2-2: Strikes out swinging
Batting: LHB Milton Watson 0-0: Ball
1-0: Ball
2-0: Called Strike
2-1: Foul Ball, location: 2F
2-2: Foul Ball, location: 2F
2-2: DOUBLE (Line Drive, 78D)
Willie Wallace to third
Runner from 3rd tries for Home, SAFE, no throw
Batting: RHB Pepe González 0-0: Called Strike
0-1: Foul Ball, location: 2F
0-2: Ball
1-2: Foul Ball, location: 2F
1-2: Strikes out swinging
Batting: RHB Fernando Martínez 0-0: Called Strike
0-1: Ball
1-1: Ball
2-1: Swinging Strike
2-2: Strikes out looking
Bottom of the 8th over - 1 run(s), 1 hit(s), 1 error(s), 1 left on base; Plymouth 11 - Nevada 6
TOP OF THE 9TH
Plymouth Rocks batting - Pitching for Nevada Noise : RHP Ray McIntyre
Batting: LHB Barrett Waters 0-0: Ball
1-0: Ball
2-0: Swinging Strike
2-1: Called Strike
2-2: Ground out 6-3 (Groundball, 6)
Batting: LHB Roger Moore 0-0: Ball
1-0: Ball
2-0: Called Strike
2-1: Called Strike
2-2: Strikes out swinging
Batting: RHB António Gonzáles 0-0: Foul Ball, location: 2F
0-1: Called Strike
0-2: Ball
1-2: SINGLE (Line Drive, 7S)
Pitching: RHP Manuel González
Batting: RHB Taylor McFarland 0-0: Called Strike
0-1: Ball
1-1: Called Strike
1-2: Foul Ball, location: 2F
1-2: Foul Ball, location: 2F
1-2: Foul Ball, location: 2F
1-2: Strikes out swinging
Top of the 9th over - 0 run(s), 1 hit(s), 0 error(s), 1 left on base; Plymouth 11 - Nevada 6
BOTTOM OF THE 9TH
Nevada Noise batting - Pitching for Plymouth Rocks : RHP Scot MacIntosh
Batting: RHB Vern Carlton 0-0: Called Strike
0-1: Foul Ball, location: 2F
0-2: Ball
1-2: Ball
2-2: Ground out 6-3 (Groundball, 6)
Batting: RHB Max Jones 0-0: Ball
1-0: Fly out, F9 (Flyball, 89M)
Batting: LHB Stanley Mullins 0-0: Foul Ball, location: 2F
0-1: Swinging Strike
0-2: Ground out 4-3 (Groundball, 34D)
Bottom of the 9th over - 0 run(s), 0 hit(s), 0 error(s), 0 left on base; Plymouth 11 - Nevada 6
Tuesday, August 8th, 2017 - OOTP Baseball 17.12 Build 75